 Dungeon Sprint DCSS version 0.32-a0-411-g744942f433 (webtiles) character file.

Game seed: 9130977191358818138

0 shadowstone the Ruffian (level 1, -2/13 HPs)
             Began as an Octopode Shapeshifter on Feb 20, 2024.
             Succumbed to an adder's poison
             ... in the Dungeon (Sprint VI: "Thunderdome").
             The game lasted 00:00:37 (34 turns).

shadowstone the Ruffian (Octopode Shapeshifter)       Turns: 34, Time: 00:00:37

Health: -2/13      AC:  1    Str: 13    XL:     1   Next: 20%
Magic:  1/1        EV: 13    Int: 12    God:
Gold:   95         SH:  0    Dex: 11    Spells: 0/0 levels left

rFire   . . .        n - +0 hand cannon
rCold   . . .        (no shield)
rNeg    . . .        (helmet currently unavailable)
rPois   .            (no amulet)
rElec   .            (no ring)
rCorr   .            (no ring)
SInv    .            (no ring)
Will    .....        (no ring)
Stlth   ++           (no ring)
HPRegen 0.22/turn    (no ring)
MPRegen 0.07/turn    (no ring)
                     (no ring)

%: no teleportation
@: lethally poisoned (-2 -> -10), beast-form
A: beast (slay +1), almost no armour, amphibious, 8 rings, camouflage 1,
gelatinous body 1, (nimble swimmer 1), tentacles
a: Begin Untransformation


You were in the Dungeon.
You were a hulking beast.
You visited 1 branch You collected 200 gold pieces.
You spent 105 gold pieces at shops.

Inventory:

Hand Weapons
 n - a +0 hand cannon (weapon)
Talismans
 b - a beast talisman (active)
 c - a flux talisman
Wands
 k - a wand of light (5)
 l - a wand of iceblast (5)
Scrolls
 i - 4 scrolls of blinking
 m - 3 scrolls of fog
Potions
 a - a potion of lignification
 d - a potion of curing
 e - 4 potions of heal wounds
 f - 4 potions of haste
 g - 2 potions of magic
 h - a potion of berserk rage
 j - a potion of resistance


   Skills:
 + Level 1.0 Fighting
 + Level 0.6 Ranged Weapons
 + Level 2.0 Dodging
 + Level 3.2 Unarmed Combat
 + Level 3.2 Shapeshifting


You couldn't memorise any spells.
You didn't know any spells.
Your spell library was empty.

Dungeon Overview and Level Annotations

Branches:
Dungeon (1/1)

Altars:
Fedhas
Kikubaaqudgha
Ru
Trog
Vehumet
Xom
Yredelemnul
Beogh

Shops:
D **[(!


Innate Abilities, Weirdness & Mutations

You are a hulking beast.
Your limbs bulge with bestial killing power. (Slay +1)
You cannot wear most types of armour.
You are amphibious.
You can wear up to eight rings at the same time.
Your skin changes colour to match your surroundings (Stealth+).
Your rubbery body absorbs attacks. (AC +1, EV +1)
((You are camouflaged when in or above water. (Stealth+)))
You have tentacles for arms and can constrict up to eight enemies at once.


Message History

There is a sacrificial altar of Ru here.
You escape the ball python's grasp.
There is an entrance to Tatorato's Weapon Rack here.
The ball python closely misses you. The ball python barely misses you.
The ball python misses you. The ball python closely misses you.
There is an entrance to Tatorato's Weapon Rack here.
n - a +0 hand cannon Thank you for shopping at Tatorato's Weapon Rack!
n - a +0 hand cannon (weapon)
You shoot a bolt. The bolt hits the ball python.
You kill the ball python!
There is a sacrificial altar of Ru here.
You see here a ball python corpse.
An adder comes into view.
The adder hisses angrily.
Found a radiant altar of Vehumet.
You shoot a bolt. The bolt barely misses the adder.
The adder closely misses you. The adder bites you.
You are poisoned.
The adder poisons you! The adder closely misses you.
You shoot a bolt. The bolt hits the adder.
The adder is moderately wounded.
You feel sick. The adder bites you. x2
You are lethally poisoned!
The adder poisons you!
You are too injured to fight recklessly!
You are too injured to fight recklessly!
You are too injured to fight recklessly!
You are too injured to fight recklessly!
You are too injured to fight recklessly!
You are too injured to fight recklessly!
You are too injured to fight recklessly!
You shoot a bolt. The bolt closely misses the adder.
You feel very sick. The adder barely misses you. The adder bites you.
* * * LOW HITPOINT WARNING * * *
You are more poisoned.
The adder poisons you! The adder completely misses you.
You shoot a bolt. The bolt misses the adder.
You die...

...###..........
..... #...# .......
..... #.<.# .......
.....###...###.......
........###..........
......ß.# #.ß........
_.......###......_._∩
#.ß.........ß.####
#§..Sh°......⌠#
###...○.....###
#_......._#
#........_#
#_......†_#
#∩.......∩#
##∩.....∩## ##.....##
##⌠⌠⌠##


You could see an adder.

Vanquished Creatures
  A ball python (D)
1 creature vanquished.

Notes
Turn   | Place    | Note
-------+----------+-------------------------------------------
     0 | D        | shadowstone the Octopode Shapeshifter began the quest for
                  | the Orb.
     0 | D        | Reached XP level 1. HP: 13/13 MP: 1/1
     4 | D        | Found an ancient bone altar of Kikubaaqudgha.
     4 | D        | Found a shimmering altar of Xom.
     5 | D        | Found a bloodstained altar of Trog.
     5 | D        | Round 1.
     6 | D        | Found a sacrificial altar of Ru.
     6 | D        | Found a blossoming altar of Fedhas.
     7 | D        | Found a basalt altar of Yredelemnul.
     7 | D        | Found a roughly hewn altar of Beogh.
     7 | D        | Found Tatorato's Weapon Rack.
     7 | D        | Found Ynkixob's Premium Goods.
     8 | D        | Found Affasov's Do-It-Yourself Clinic.
     8 | D        | Found Mienub's Basic Armour.
     8 | D        | Found Sem Fono's Miscellaneous Merchandise.
    18 | D        | Bought a +0 hand cannon for 105 gold pieces
    30 | D        | Found a radiant altar of Vehumet.
    34 | D        | Succumbed to an adder's poison

Illustrated notes

Levels and vault maps discovered:
D:        arena_sprint

Action                     || total
---------------------------++-------
   Fire: Hand cannon       ||     5
 Armour: Skin              ||     5
  Dodge: Dodged            ||    12

Table legend: (Time is in decaauts)
 A = Elapsed time spent in this place.
 B = Non-inter-level travel time spent in this place.
 C = Inter-level travel time spent in this place.
 D = Time resting spent in this place.
 E = Time spent auto-exploring this place.
 F = Levels seen in this place.
 G = Mean time per level.
                   A        B        C        D        E       F      G
               +--------+--------+--------+--------+--------+-----+--------+
         Total |     37 |     35 |      2 |      0 |      0 |   1 |   37.0 |
       Dungeon |     37 |     35 |      2 |      0 |      0 |   1 |   37.0 |
               +--------+--------+--------+--------+--------+-----+--------+

Top non-repeatable levels by time:
       D: 37 daAuts
